Map: Babylon LE

Players

Cheater 1 (Resources)

  • Race: Protoss Protoss
  • Spawn Location: 11:00

INno - Winner!

  • Race: Terran Terran
  • League: Master
  • Spawn Location: 5:00

VOD

Have the link to the VOD?

Description

3_rax_TvP

Time

  • Played on: July 10, 2023, 5:28 a.m.
  • Length: 9:44
Show
View Real Time Build Order
Export as new Build Order

Cheater 1 (Resources) Protoss 

Build Orders: Zealot Archon, Colossus Rush 

Get SALT Encoding   

  12  0:00  Probe  
  13  0:13  Probe  
  14  0:20  Pylon  
  14  0:25  Probe  
  15  0:34  Probe  
  15  0:42  Probe  
  16  0:47  Assimilator  
  17  0:50  Gateway  
  17  0:52  Probe  
  18  1:00  Probe, Pylon  
  19  1:08  Probe  
  20  1:18  Probe  
  21  1:30  Probe  
  22  1:38  Zealot  
  24  1:40  Cybernetics Core  
  24  1:42  Probe  
  25  1:58  Probe, Nexus  
  26  2:06  Probe  
  26  2:07  Warp Gate  
  26  2:14  Probe  
  27  2:17  Stalker  
  30  2:24  Pylon  
  30  2:26  Probe  
  31  2:36  Gateway  
  31  2:38  Assimilator  
  31  2:42  Probe  
  32  2:45  Adept  
  34  2:52  Pylon  
  34  2:54  Probe  
  35  3:06  Probe  
  35  3:07  Adept  
  35  3:10  Probe  
  37  3:18  Probe, Robotics Facility  
  40  3:23  Adept  
  40  3:24  Probe  
  43  3:30  Probe  
  44  3:37  Probe, Adept  
  47  3:42  Probe  
  48  3:49  Probe  
  48  3:54  Probe  
  50  4:00  Adept  
  50  4:01  Probe  
  53  4:04  Observer  
  53  4:06  Probe  
  53  4:07  Pylon  
  53  4:09  Robotics Bay  
  55  4:13  Probe  
  55  4:15  Robotics Facility, Adept  
  58  4:18  Probe  
  58  4:20  Pylon  
  58  4:24  Stalker  
  61  4:25  Probe  
  61  4:30  Probe  
  61  4:35  Stalker  
  61  4:37  Probe, Pylon  
  64  4:43  Probe  
  65  4:49  Probe  
  66  4:56  Colossus, Gateway  
  66  5:01  Zealot  
  66  5:03  Pylon  
  66  5:04  Zealot  
  76  5:15  Pylon  
  76  5:20  Zealot  
  64  5:24  Zealot  
  53  5:30  Probe  
  53  5:31  Probe  
  53  5:33  Zealot  
  43  5:36  Immortal  
  43  5:42  Probe  
  48  5:44  Adept  
  48  5:49  Twilight Council  
  50  5:50  Adept  
  50  5:51  Adept  
  50  5:54  Probe  
  52  6:04  Stalker  
  52  6:06  Probe  
  52  6:09  Nexus  
  52  6:10  Zealot  
  57  6:16  Assimilator  
  58  6:25  Probe  
  58  6:30  Assimilator  
  58  6:37  Probe, Templar Archives  
  59  6:43  Zealot  
  61  6:47  Zealot  
  61  6:50  Probe  
  64  6:54  Zealot  
  66  7:02  Probe  
  66  7:03  Zealot  
  66  7:08  Zealot  
  71  7:14  Probe, High Templar  
  74  7:17  Pylon  
  74  7:21  Probe  
  75  7:23  High Templar  
  75  7:26  Probe  
  75  7:27  Zealot  
  80  7:33  Probe  
  81  7:38  Probe  
  81  7:40  Stalker  
  81  7:42  Archon  
  84  7:45  Probe, High Templar  
  84  7:46  Sentry  
  84  7:50  Probe  
  51  8:01  Stalker  
  51  8:02  Probe  
  53  8:10  Adept  
  49  8:14  Probe  
  49  8:18  Zealot  
  42  8:24  Zealot  
  42  8:26  Probe  
  36  8:30  Zealot  
  32  8:35  Nexus, Pylon  
  32  8:38  High Templar  
Show
View Real Time Build Order
Export as new Build Order

INno Terran - Winner!

Build Orders:  

Get SALT Encoding   

  12  0:00  SCV  
  13  0:12  SCV  
  14  0:17  Supply Depot  
  14  0:25  SCV  
  15  0:39  SCV  
  15  0:40  Barracks  
  16  0:44  Refinery  
  16  0:51  SCV  
  17  1:03  SCV  
  18  1:15  SCV  
  19  1:27  Orbital Command  
  19  1:30  Barracks Reactor  
  19  1:44  Command Center  
  19  1:53  SCV  
  20  1:57  Supply Depot  
  20  2:06  Reaper x2  
  20  2:07  SCV  
  23  2:14  Barracks  
  23  2:20  SCV  
  24  2:26  Barracks  
  24  2:32  SCV  
  25  2:37  Marine  
  25  2:38  Marine  
  27  2:44  SCV  
  28  2:55  Marine x2  
  28  2:56  SCV  
  31  2:59  Orbital Command  
  31  3:01  Barracks Tech Lab  
  31  3:09  SCV  
  32  3:14  Barracks Tech Lab, Marine x2  
  34  3:21  SCV, Stimpack, Marine  
  34  3:24  SCV  
  37  3:28  Supply Depot  
  37  3:32  Marine x2  
  37  3:33  SCV  
  37  3:34  Marine  
  40  3:36  SCV  
  40  3:37  Combat Shield  
  40  3:39  Marine  
  43  3:45  SCV  
  44  3:48  SCV  
  44  3:51  Supply Depot, Marine x2  
  44  3:52  Marine  
  48  3:56  Marine  
  48  3:57  SCV  
  48  3:59  Engineering Bay  
  50  4:04  SCV  
  50  4:08  Marine  
  50  4:09  Marine  
  53  4:10  SCV  
  53  4:13  Marauder  
  53  4:14  Supply Depot  
  53  4:15  Marauder  
  53  4:16  SCV  
  59  4:23  SCV  
  60  4:28  Refinery  
  60  4:29  SCV, Refinery  
  60  4:30  Refinery  
  60  4:31  Factory  
  60  4:32  Marine  
  60  4:35  SCV  
  61  4:41  SCV  
  61  4:43  Supply Depot  
  62  4:47  SCV  
  63  4:53  SCV  
  63  4:55  Marine x3  
  63  4:57  Marine  
  63  4:59  SCV  
  69  5:00  Terran Infantry Weapons Level 1  
  69  5:03  Concussive Shells  
  69  5:05  SCV  
  70  5:08  Supply Depot  
  70  5:11  SCV  
  70  5:13  Marine x2  
  70  5:14  Marauder  
  75  5:17  SCV  
  75  5:21  Marauder  
  71  5:22  Factory Reactor  
  71  5:23  SCV, Starport  
  71  5:31  Marine x2  
  71  5:33  SCV  
  71  5:34  Supply Depot  
  71  5:35  SCV, Marauder  
  75  5:44  Marauder  
  75  5:49  Marine  
  76  5:50  Command Center  
  72  5:59  Marine  
  72  6:00  Marauder  
  75  6:04  SCV  
  75  6:07  Medivac x2  
  75  6:08  Marauder, Factory Reactor, Marine  
  82  6:15  SCV  
  82  6:16  SCV  
  82  6:17  Barracks, Marine  
  85  6:19  Supply Depot, Barracks  
  85  6:21  Marauder  
  87  6:30  Marauder  
  87  6:31  Marine  
  90  6:35  Marine  
  90  6:37  Medivac  
  93  6:40  Medivac  
  93  6:42  Marauder  
  97  6:49  Widow Mine x2, Marine  
  102  6:55  Supply Depot, Terran Infantry Armor Level 1  
  102  6:57  Supply Depot  
  102  7:01  SCV x2, Supply Depot, Marine  
  102  7:02  Marauder  
  102  7:04  Marauder  
  102  7:06  Barracks Tech Lab, Barracks Reactor  
  109  7:10  Marine  
  109  7:12  Engineering Bay  
  109  7:14  Armory  
  110  7:19  Widow Mine, Marine  
  110  7:20  Widow Mine  
  110  7:22  SCV x2  
  117  7:23  Marauder  
  117  7:27  Marauder x2  
  123  7:31  Marine  
  123  7:37  Medivac  
  126  7:39  Orbital Command  
  126  7:40  SCV  
  126  7:41  SCV  
  126  7:42  Medivac  
  129  7:44  Marauder  
  121  7:56  Marauder x2, Marine x4  
  122  8:03  Widow Mine x2, Ghost Academy  
  122  8:05  SCV x2  
  128  8:06  SCV, Marauder  
  131  8:14  Marine  
  131  8:19  SCV  
  137  8:21  Refinery  
  137  8:22  Bunker  
  137  8:23  Supply Depot x2  
  137  8:24  Refinery  
  141  8:35  Medivac x2  
  141  8:37  SCV  
  140  8:47  SCV  
  141  8:50  Command Center, Supply Depot  
  141  8:54  Barracks x2, Marine  
  141  8:55  Barracks, Marine x2, Marauder x2  
  148  9:01  Marine  
  148  9:02  SCV  
  150  9:04  Unknown, Marauder  
  150  9:06  Supply Depot  
  152  9:12  Marine  
  157  9:22  Marine x2  
  161  9:27  SCV  
  161  9:29  SCV  
  161  9:30  SCV  
Tags
 
Composition
Zealot Archon
League
Master
Matchup
PvT
Spawn Locations
Cross Positions
Add a new tag
Caveats
  • Supply blocks, unpowered buildings, or Contaminate may cause inaccurate times.
  • Supply counts are checked every 10 seconds.